Map: Catalyst LE

Players

soO

  • Race: Zerg Zerg
  • League: Master
  • Spawn Location: 11:00

lIIllllIIlll (INnoVation) - Winner!

  • Race: Terran Terran
  • League: Master
  • Spawn Location: 5:00

Event: HomeStory Cup XVII

VOD

Have the link to the VOD?

Description

Time

  • Played on: July 1, 2018, 6:48 p.m.
  • Length: 7:38

All games in this series

Show
View Real Time Build Order
Export as new Build Order

soO Zerg 

Build Orders: Pool First 

Get SALT Encoding   

  12  0:00  Drone  
  13  0:12  Overlord  
  13  0:17  Drone  
  14  0:31  Drone x2  
  14  0:34  Drone  
  17  0:45  Extractor  
  17  0:46  Drone  
  17  0:49  Spawning Pool  
  16  0:56  Drone  
  17  1:08  Drone  
  18  1:17  Hatchery  
  17  1:21  Drone  
  18  1:36  Queen, Zergling x2  
  21  1:45  Overlord  
  21  1:49  Metabolic Boost  
  21  2:04  Zergling x4  
  23  2:09  Roach Warren  
  23  2:15  Drone  
  23  2:39  Overlord  
  22  2:51  Roach x6  
  34  2:59  Roach  
  34  3:00  Zergling x2  
  36  3:13  Zergling x2  
  36  3:14  Zergling x6  
  39  3:24  Zergling x6  
  42  3:36  Zergling x2  
  42  3:37  Zergling x2  
  43  3:50  Ravager  
  44  3:59  Overlord  
  43  4:05  Ravager  
  44  4:22  Drone x2  
  44  4:23  Drone  
  42  4:25  Drone  
  42  4:26  Drone  
  42  4:28  Drone x2  
  41  4:39  Drone x2  
  41  4:44  Drone  
  40  4:45  Drone  
  35  4:56  Queen  
  35  4:59  Drone x2  
  40  5:00  Drone  
  40  5:03  Hatchery  
  40  5:05  Drone  
  40  5:07  Drone  
  40  5:09  Drone  
  40  5:10  Drone  
  43  5:15  Queen  
  43  5:17  Drone  
  43  5:20  Drone  
  47  5:28  Drone x2  
  47  5:29  Drone x2  
  51  5:36  Overlord  
  51  5:37  Lair  
  51  5:39  Overlord  
  51  5:43  Extractor  
  51  5:44  Drone, Extractor  
  51  5:49  Drone  
  51  5:56  Drone x3  
  54  5:58  Drone, Evolution Chamber  
  54  5:59  Drone, Evolution Chamber  
  54  6:03  Queen  
  56  6:09  Drone x3  
  56  6:10  Drone  
  60  6:18  Roach  
  60  6:19  Roach x2  
  66  6:26  Roach  
  66  6:28  Roach  
  72  6:33  Roach  
  72  6:39  Roach  
  74  6:44  Overlord  
  74  6:47  Overlord  
  74  6:48  Overlord  
  74  6:49  Overlord  
  74  6:52  Extractor  
  73  6:59  Overlord  
  73  7:01  Drone  
  73  7:08  Drone x2  
  75  7:09  Drone x3  
  75  7:11  Drone x2  
  75  7:12  Roach x2  
  84  7:17  Roach x2  
  84  7:19  Overlord  
Show
View Real Time Build Order
Export as new Build Order

lIIllllIIlll Terran - Winner!

Build Orders: Reaper Expand, MMM Bio 

Get SALT Encoding   

  12  0:00  SCV  
  13  0:12  SCV  
  14  0:17  Supply Depot  
  14  0:25  SCV  
  15  0:38  SCV  
  15  0:39  Barracks  
  16  0:44  Refinery  
  16  0:50  SCV  
  17  1:02  SCV  
  18  1:14  SCV  
  19  1:26  Orbital Command  
  19  1:27  Reaper  
  20  1:41  Command Center  
  20  1:51  Barracks  
  20  1:53  SCV  
  21  1:59  Barracks Reactor  
  21  2:05  SCV  
  22  2:10  Refinery, Supply Depot  
  22  2:17  SCV  
  23  2:23  Factory  
  23  2:32  SCV  
  23  2:35  Marine  
  23  2:36  Marine  
  26  2:38  Barracks Tech Lab  
  27  2:44  SCV  
  27  2:55  Marine x2  
  27  2:56  SCV  
  30  2:59  Stimpack, Marine  
  31  3:10  SCV  
  30  3:13  Orbital Command, Marine x2  
  31  3:21  Marauder  
  31  3:23  Bunker  
  31  3:26  Factory Tech Lab  
  33  3:31  Marine x2  
  35  3:37  SCV  
  36  3:44  Marauder  
  36  3:46  Siege Tank  
  41  3:55  Marine x2  
  43  4:00  Supply Depot  
  43  4:02  SCV  
  43  4:07  Orbital Command  
  43  4:10  Supply Depot x2  
  43  4:16  SCV  
  40  4:28  SCV  
  41  4:32  Marine x3  
  41  4:34  Starport  
  40  4:40  Factory Reactor  
  40  4:42  SCV x2  
  35  4:50  Marine x3  
  38  4:54  SCV x2  
  40  5:04  Combat Shields  
  40  5:06  SCV x2  
  42  5:07  Marine x2  
  42  5:08  Marine  
  45  5:17  Engineering Bay  
  45  5:19  Medivac x2, SCV  
  45  5:20  SCV  
  51  5:23  Engineering Bay  
  51  5:26  Marine x3  
  54  5:32  SCV x2  
  56  5:37  Barracks  
  56  5:39  Refinery  
  56  5:40  Refinery  
  56  5:44  SCV x2  
  56  5:49  Marine  
  58  5:51  Marine  
  58  5:53  Marine  
  61  5:59  SCV x2  
  61  6:03  Siege Tank  
  66  6:04  Supply Depot  
  66  6:09  Marine x2  
  66  6:10  Marine  
  66  6:11  Supply Depot  
  69  6:16  SCV  
  70  6:20  Supply Depot  
  70  6:26  SCV  
  70  6:28  Marine x3  
  70  6:29  Medivac  
  76  6:35  Siege Tank  
  76  6:36  Supply Depot, Marine x2  
  81  6:45  SCV x2  
  81  6:46  Marine x2  
  85  6:48  Marine  
  85  6:49  Supply Depot  
  86  6:54  Marine x2  
  86  6:59  Starport Reactor  
  88  7:04  Marine x2  
  88  7:06  Marine  
  91  7:12  Marine x2, SCV x2  
  91  7:15  Supply Depot  
  98  7:19  Armory  
  100  7:24  SCV x2  
Tags
 
Add a new tag
Caveats
  • Supply blocks, unpowered buildings, or Contaminate may cause inaccurate times.
  • Supply counts are checked every 10 seconds.